Map: King's Cove LE

Players

Smileblind

  • Race: Protoss Protoss
  • League: Silver
  • Spawn Location: 5:00

A.I. 1 (Elite) - Winner!

  • Race: Protoss Protoss
  • Spawn Location: 11:00

VOD

Have the link to the VOD?

Description

Time

  • Played on: Feb. 7, 2019, 10:06 a.m.
  • Length: 8:45
Show
View Real Time Build Order
Export as new Build Order

Smileblind Protoss 

Build Orders:  

Get SALT Encoding   

  12  0:03  Probe  
  13  0:15  Probe  
  14  0:21  Pylon  
  14  0:26  Probe  
  15  0:35  Probe  
  16  0:44  Probe  
  16  0:49  Gateway  
  17  0:55  Probe  
  18  1:02  Gateway  
  18  1:07  Probe  
  19  1:12  Assimilator  
  19  1:19  Probe  
  19  1:21  Assimilator  
  20  1:32  Probe  
  21  1:36  Pylon  
  21  1:44  Probe  
  22  1:48  Cybernetics Core  
  22  1:56  Probe  
  22  1:57  Gateway  
  23  2:06  Gateway  
  23  2:14  Probe  
  23  2:15  Warp Gate  
  24  2:36  Pylon  
  24  2:37  Adept x2  
  28  2:46  Forge  
  28  2:52  Stalker  
  30  3:00  Stalker  
  32  3:10  Pylon  
  32  3:15  Adept  
  32  3:18  Sentry  
  36  3:22  Protoss Ground Weapons Level 1  
  36  3:26  Stalker  
  38  3:47  Shield Battery  
  38  3:54  Twilight Council  
  38  4:03  Gateway  
  38  4:11  Pylon  
  38  4:18  Stalker  
  40  4:45  Nexus  
  40  4:51  Charge  
  40  4:55  Pylon  
  40  4:56  Probe  
  41  5:06  Zealot  
  43  5:08  Probe  
  44  5:16  Protoss Ground Weapons Level 2  
  44  5:26  Probe  
  45  5:38  Probe  
  45  5:41  Dark Shrine  
  46  5:50  Probe  
  46  5:56  Assimilator  
  47  6:02  Probe  
  48  6:06  Probe  
  49  6:14  Probe  
  49  6:17  Assimilator  
  49  6:24  Probe  
  50  6:26  Photon Cannon  
  50  6:31  Probe  
  52  6:36  Probe  
  52  6:39  Zealot  
  55  6:48  Probe  
  55  6:50  Stalker  
  55  6:52  Stalker  
  60  7:00  Probe  
  57  7:03  Zealot  
  57  7:05  Sentry  
  57  7:08  Dark Templar  
  63  7:12  Probe  
  63  7:15  Dark Templar  
  66  7:22  Dark Templar  
  68  7:26  Dark Templar  
  58  7:51  Dark Templar x3  
  38  8:08  Stalker  
  38  8:09  Stalker  
  38  8:11  Probe  
  42  8:19  Probe  
  43  8:23  Gateway  
  43  8:26  Gateway  
  44  8:28  Probe  
  44  8:29  Sentry  
  44  8:30  Sentry  
  49  8:35  Stalker  
Show
View Real Time Build Order
Export as new Build Order

A.I. 1 (Elite) Protoss - Winner!

Build Orders: Zealot Archon 

Get SALT Encoding   

  12  0:00  Probe  
  13  0:13  Probe  
  14  0:21  Pylon  
  14  0:25  Probe  
  15  0:35  Probe  
  16  0:43  Probe  
  16  0:49  Assimilator  
  17  0:51  Gateway  
  17  0:52  Probe  
  18  1:00  Probe  
  18  1:03  Pylon  
  18  1:08  Probe  
  20  1:21  Probe  
  21  1:33  Probe  
  21  1:37  Zealot  
  24  1:40  Cybernetics Core  
  24  1:45  Probe  
  25  2:02  Nexus  
  25  2:15  Gateway  
  25  2:21  Pylon  
  25  2:22  Warp Gate  
  25  2:26  Zealot  
  25  2:29  Probe  
  28  2:41  Assimilator, Probe  
  29  2:47  Adept  
  29  2:53  Probe  
  32  3:02  Adept  
  32  3:05  Probe  
  35  3:06  Pylon  
  34  3:13  Stalker  
  34  3:14  Probe  
  34  3:17  Probe  
  38  3:26  Probe  
  39  3:29  Probe  
  40  3:38  Probe  
  41  3:41  Probe  
  41  3:42  Robotics Facility  
  41  3:45  Adept  
  44  3:50  Probe  
  44  3:53  Probe  
  44  3:55  Adept  
  48  4:01  Probe  
  48  4:06  Probe  
  48  4:09  Probe  
  50  4:15  Pylon  
  51  4:17  Probe  
  51  4:18  Probe  
  51  4:22  Adept  
  55  4:30  Immortal, Probe  
  60  4:33  Stalker  
  60  4:36  Pylon  
  60  4:37  Probe  
  63  4:42  Probe  
  63  4:43  Stalker  
  66  4:49  Probe  
  67  4:54  Robotics Facility, Probe  
  67  4:56  Stalker  
  70  5:05  Probe  
  70  5:06  Probe  
  71  5:10  Immortal  
  76  5:15  Pylon  
  76  5:16  Pylon  
  76  5:22  Stalker  
  76  5:25  Twilight Council  
  78  5:38  Assimilator, Probe  
  78  5:42  Assimilator, Probe  
  80  5:49  Pylon  
  80  5:54  Gateway  
  80  5:59  Probe  
  80  6:00  Probe  
  80  6:03  Zealot  
  84  6:06  Templar Archives  
  84  6:12  Probe x2  
  86  6:22  Pylon  
  86  6:25  Pylon  
  86  6:30  Nexus  
  86  6:32  Sentry  
  88  6:37  Stalker  
  90  6:42  Forge  
  90  6:46  Forge  
  90  6:48  High Templar  
  92  6:55  High Templar  
  92  6:59  Sentry  
  96  7:02  Pylon  
  96  7:04  Archon  
  96  7:05  Pylon  
  96  7:12  Pylon  
  96  7:15  Pylon  
  96  7:19  High Templar, Photon Cannon  
  96  7:22  High Templar  
  100  7:23  Photon Cannon  
  100  7:26  Stalker, Observer  
  100  7:29  Photon Cannon  
  99  7:41  Zealot  
  99  7:42  Stalker, Probe x2  
  99  7:43  Photon Cannon, Probe  
  106  7:50  Sentry  
  102  7:52  Pylon  
  102  7:54  Probe  
  102  7:55  Assimilator, Probe x2  
  102  7:56  Archon  
  102  7:57  Assimilator  
  105  8:01  Zealot  
  105  8:05  Zealot  
  105  8:06  Probe  
  105  8:07  High Templar, Probe x2  
  105  8:09  Pylon  
  110  8:15  Probe  
  110  8:18  Probe  
  112  8:21  Probe  
  112  8:22  High Templar  
  112  8:23  Probe  
  112  8:24  Photon Cannon  
  115  8:29  Stalker, Photon Cannon  
  115  8:30  Probe  
  119  8:36  Archon  
  119  8:40  High Templar  
  123  8:43  Gateway  
  123  8:45  Stalker  
Tags
 
Composition
Zealot Archon
League
Silver
Matchup
PvP
Spawn Locations
Cross Positions
Add a new tag
Caveats
  • Supply blocks, unpowered buildings, or Contaminate may cause inaccurate times.
  • Supply counts are checked every 10 seconds.